 Dungeon Crawl Stone Soup version 0.21.1-1-g345015f (webtiles) character file.

77 varam the Chopper (level 4, 0/35 HPs)
             Began as a Demonspawn Abyssal Knight on July 3, 2018.
             Was a Follower of Lugonu.
             Succumbed to an adder's poison
             ... on level 3 of the Dungeon.
             The game lasted 00:06:29 (1480 turns).

varam the Chopper (Demonspawn Abyssal Knight)       Turns: 1480, Time: 00:06:29

Health: 0/35       AC:  9    Str: 18    XL:     4   Next: 13%
Magic:  6/6        EV: 11    Int: 13    God:    Lugonu [*.....]
Gold:   61         SH:  0    Dex: 13    Spells: 3/3 levels left

rFire    . . .     SeeInvis .   o - +2 war axe (elec)
rCold    . . .     Gourm    .   (no shield)
rNeg     . . .     Faith    .   b - +0 leather armour
rPois    +         Spirit   .   (no helmet)
rElec    .         Reflect  .   (no cloak)
rCorr    .         Harm     .   (no gloves)
MR       .....                  (no boots)
Stlth    +.........             (no amulet)
HPRegen  0.11/turn              (no ring)
MPRegen  0.10/turn              (no ring)

@: mighty, lethally poisoned (0 -> -4), sanguine armour, hasted, very quick
A: blink, blurry vision 1, poison resistance, powered by pain 1, subdued magic
1, sanguine armour 1
a: Blink, Depart the Abyss, Renounce Religion


You were on level 3 of the Dungeon.
You worshipped Lugonu.
Lugonu was aware of your devotion.
You were not hungry.

You visited 1 branch of the dungeon, and saw 3 of its levels.
You visited the Abyss 1 time.

You collected 61 gold pieces.

Inventory:

Hand Weapons
 a - a +1 hand axe
 d - a +0 hunting sling
 o - a +2 war axe of electrocution (weapon)
Missiles
 m - 27 stones (quivered)
Armour
 b - a +0 leather armour (worn)
Scrolls
 e - 2 scrolls of amnesia {unknown}
 g - 2 scrolls of enchant weapon {unknown}
 h - 2 scrolls of remove curse
 k - 2 scrolls of identify {unknown}
 n - a scroll of immolation {unknown}
Comestibles
 c - 3 rations
 i - 3 chunks of flesh


   Skills:
 - Level 3.0 Fighting
 + Level 3.9 Axes
 - Level 1.7 Armour
 - Level 0.8 Dodging
 - Level 2.9 Invocations


You had 3 spell levels left.
You didn't know any spells.

Dungeon Overview and Level Annotations

Branches:
Dungeon (3/15)

Altars:


Innate Abilities, Weirdness & Mutations

You sometimes gain a little power by taking damage.
When seriously injured, your bleeding wounds create armour. (AC +6)
You can translocate small distances at will.
Scrolls take you a little longer to read.
Your system is resistant to poisons. (rPois)
Your spells are a little easier to cast, but a little less powerful.


Message History

You feel sick. The jackal barely misses you.
You slash the jackal!
You kill the jackal!
Lugonu accepts your kill.
Okay, then.
Okay, then.
You aren't carrying any potions.
Unknown command.
* * * LOW HITPOINT WARNING * * *
You feel sick.
Found 21 stones.
There is a stone staircase leading up here.
* * * LOW HITPOINT WARNING * * *
You feel sick.
* * * LOW HITPOINT WARNING * * *
You feel sick.
You see here 21 stones.
* * * LOW HITPOINT WARNING * * *
You feel sick.
You die...

### #.. #.# #.# #.#
#.# #.# #@# #.#
#.#.##.######
#...........# #
........####(#.#
.###.#######.#.##.#
.#................#
......######.#.####
......#....<...#


There were no monsters in sight!

Vanquished Creatures
  3 adders
  2 oozes
  A dart slug (D:3)
  A leopard gecko (D:1)
  An orc (D:3)
  A giant cockroach (D:1)
  3 goblins
  5 hobgoblins
  A jackal (D:3)
  9 bats
  4 kobolds
  6 rats
37 creatures vanquished.

Notes
Turn   | Place    | Note
-------+----------+-------------------------------------------
     0 | Abyss:1  | varam the Demonspawn Abyssal Knight began the quest for the Orb.
     0 | Abyss:1  | Reached XP level 1. HP: 18/18 MP: 2/2
    39 | Abyss:1  | Noticed a chaos spawn
    43 | Abyss:1  | Noticed a rakshasa
    44 | D:1      | Escaped the Abyss
   154 | D:1      | Reached skill level 2 in Axes
   414 | D:1      | Reached * piety under Lugonu
   414 | D:1      | Gained mutation: You sometimes gain a little power by taking damage. [demonic ancestry]
   414 | D:1      | Reached XP level 2. HP: 10/24 MP: 4/4
   963 | D:2      | Reached skill level 3 in Axes
  1007 | D:2      | Reached XP level 3. HP: 25/29 MP: 5/5
  1458 | D:3      | Gained mutation: When seriously injured, your bleeding wounds create armour. (AC +6) [demonic ancestry]
  1458 | D:3      | Reached XP level 4. HP: 11/35 MP: 6/6
  1462 | D:3      | Gained mutation: Your spells are a little easier to cast, but a little less powerful. [potion of mutation]
  1462 | D:3      | Gained mutation: Your system is resistant to poisons. (rPois) [potion of mutation]
  1462 | D:3      | Gained mutation: Scrolls take you a little longer to read. [potion of mutation]
  1462 | D:3      | Gained mutation: You can translocate small distances at will. [potion of mutation]
  1468 | D:3      | HP: 3/35 [poisoned by an adder]
  1473 | D:3      | HP: 2/35 [poisoned by an adder]
  1480 | D:3      | Succumbed to an adder's poison

Skill      XL: |  1  2 |
---------------+-------+-----
Axes           | 2 3 |  3.9
Fighting       | |  3.0
Armour         | |  1.7
Dodging        | |  0.8
Invocations    | |  2.9

Action                   |  1- 3 |  4- 6 || total
-------------------------+-------+-------++-------
Melee: Hand axe          |   113 |       ||   113
       War axe           |    11 |     2 ||    13
 Fire: Hunting sling     |     9 |       ||     9
Invok: Depart the Abyss  |     1 |       ||     1
  Use: Scroll            |     1 |       ||     1
       Potion            |       |     4 ||     4
 Stab: Sleeping          |     2 |       ||     2
  Eat: Chunk             |     2 |       ||     2
Armor: Leather armour    |    42 |       ||    42
Dodge: Dodged            |    77 |     1 ||    78
